 Dungeon Crawl Stone Soup version 0.30.0-29-ga12c61a403 (webtiles) character file.

Game seed: 8109789514175760397

498 McKennaii the Trooper (level 6, 0/53 HPs)
             Began as a Demonspawn Fighter on June 3, 2023.
             Was an Initiate of Qazlal.
             Splashed by a jelly's acid (1 damage)
             ... on level 5 of the Dungeon.
             The game lasted 00:05:35 (4107 turns).

McKennaii the Trooper (Demonspawn Fighter)          Turns: 4107, Time: 00:05:35

Health: 0/53       AC:  6    Str: 18    XL:     6   Next: 94%
Magic:  0/6        EV:  5    Int: 14    God:    Qazlal [......]
Gold:   279        SH:  5    Dex: 12    Spells: 5/5 levels left

rFire   . . .        a - +0 trident
rCold   . . .        c - +0 buckler
rNeg    . . .        v - +0 plate armour
rPois   .            g - +0 helmet
rElec   .            C - +0 cloak
rCorr   .            (no gloves)
SInv    .            (no boots)
Will    +....        t - amulet of guardian spirit Stlth
                     f - +6 ring of intelligence
HPRegen 0.28/turn    l - ring of willpower
MPRegen 0.20/turn

%: guardian spirit
@: corroded, invisible
A: ignite blood 1, magic regeneration, dopey 1, high MP 1, robust 1
a: Renounce Religion


You were on level 5 of the Dungeon.
You worshipped Qazlal.
Qazlal was noncommittal.
You visited 1 branch of the dungeon, and saw 5 of its levels.

You collected 279 gold pieces.

Inventory:

Hand Weapons
 a - a +0 trident (weapon)
Missiles
 x - a throwing net (quivered)
Armour
 b - a +0 scale mail
 c - a +0 buckler (worn)
 g - a +0 helmet (worn)
 o - the +2 leather armour of Twilight {rC- rN++ Str+3}
   (You found it on level 2 of the Dungeon)

   Str:       It affects your strength (+3).
   rC:        It makes you vulnerable to cold.
   rN:        It greatly protects you from negative energy.
 v - a +0 plate armour (worn)
 C - a +0 cloak (worn)
Jewellery
 f - a +6 ring of intelligence (left hand)
 l - a ring of willpower (right hand)
 t - an amulet of guardian spirit (around neck)
 E - a ring of fire
Wands
 n - a wand of flame (42)
Scrolls
 e - a scroll of fear {unknown}
 h - 2 scrolls of amnesia {unknown}
 i - 2 scrolls of enchant weapon {unknown}
 j - 7 scrolls of identify {unknown}
 k - 3 scrolls of teleportation {unknown}
 m - a scroll of magic mapping {unknown}
 q - a scroll of vulnerability {unknown}
 r - a scroll of blinking {unknown}
 y - a scroll of immolation {unknown}
Potions
 d - 3 potions of might
 w - a potion of curing {unknown}
 z - a potion of haste {unknown}
 A - a potion of degeneration {unknown}
 B - 2 potions of mutation
 D - a potion of brilliance {unknown}


   Skills:
 + Level 4.6 Fighting
 + Level 3.7 Polearms
 + Level 4.2 Armour
 + Level 4.2 Shields


You had 5 spell levels left.
You didn't know any spells.
Your spell library contained the following spells:

 Spells                   Type           Power      Damage    Failure   Level
 Freeze                   Ice            0%         1d3       100%        1
 Frozen Ramparts          Ice            0%         1d1       100%        3
 Hailstorm                Conj/Ice       0%         3d3       100%        3


Dungeon Overview and Level Annotations

Branches:
Dungeon (5/15)
 Temple: D:4-7

Altars:
Okawaru
Qazlal
Yredelemnul

Shops:
D:2 (


Innate Abilities, Weirdness & Mutations

Your demonic aura sometimes causes spilled blood to erupt in flames.
You regenerate magic rapidly.
You are dopey. (Int -2)
You have an increased reservoir of magic. (+10% MP)
You are robust. (+10% HP)


Message History

You hit the scorpion but do no damage.
The scorpion is severely wounded.
You feel sick.
The scorpion stings you but does no damage.
The dart slug launches a dart at the scorpion.
The slug dart hits the scorpion.
You hit the scorpion.
The scorpion is almost dead.
You feel sick. You block the scorpion's attack. The scorpion barely misses you.
You barely miss the scorpion.
The scorpion is almost dead.
You feel sick.
The scorpion stings you but does no damage.
You puncture the scorpion!
You kill the scorpion!
Qazlal accepts your kill.
You feel sick.
You catch the helpless dart slug completely off-guard!
You puncture the dart slug!
You kill the dart slug!
Qazlal accepts your kill.
You feel sick.
You hit the jelly.
Your hands burn!
* * * LOW HITPOINT WARNING * * *
The jelly is moderately wounded.
You feel sick.
You are no longer poisoned.
The jelly hits you.
* * * LOW HITPOINT WARNING * * *
You are splashed with acid!
* * * LOW HITPOINT WARNING * * *
The jelly jiggles.
The jelly hits you.
* * * LOW HITPOINT WARNING * * *
The acid corrodes you!
You are splashed with acid!
* * * LOW HITPOINT WARNING * * *
Unknown command.
Unknown command.
You hit the jelly but do no damage. The acid corrodes you!
Your hands burn!
You die...

#..### ##.#..#..###
#.###.#. ###..#
##.#.....# #.##....
#..### ##.#..### #.#...##
##..# ##.#..# #>#....
..### ##..## ....## ...+
##.+ ###..
#.#######################
###
#..##..........#.J.......
##....###....#.#@#.......
####.#..........#.......
#.############....... #..
....... #### .......
....... #######


You could see a jelly.

Vanquished Creatures
  2 scorpions
  A hound (D:5)
  2 orc priests (D:4)
  Jessica (D:2)
  Natasha (thrice) (D:2)
  2 hound zombies (D:3)
  3 gnolls (D:3)
  An adder (D:2)
  An adder zombie (D:3)
  3 worms
  3 dart slugs
  9 orcs
  8 ball pythons
  7 endoplasms
  2 giant cockroaches
  6 goblins
  9 hobgoblins
  7 jackals
  13 kobolds
  4 quokkas
  12 bats
  3 frilled lizards (D:2)
  A quokka zombie (D:3)
  4 rats
107 creatures vanquished.

Notes
Turn   | Place    | Note
-------+----------+-------------------------------------------
     0 | D:1      | McKennaii the Demonspawn Fighter began the quest for the
                  | Orb.
     0 | D:1      | Reached XP level 1. HP: 18/18 MP: 1/1
   267 | D:1      | You fall into a shaft and drop 1 floor!
   307 | D:2      | Gained mutation: Your demonic aura sometimes causes spilled
                  | blood to erupt in flames. [demonic ancestry]
   307 | D:2      | Reached XP level 2. HP: 8/24 MP: 2/2
   620 | D:1      | Reached XP level 3. HP: 29/29 MP: 3/3
   974 | D:2      | Found Cetesolo's Antique Weapon Emporium.
  1023 | D:2      | Identified the +2 leather armour of Twilight {rC- rN++
                  | Str+3}
  1074 | D:2      | Noticed Jessica
  1079 | D:2      | Killed Jessica
  1080 | D:2      | Reached XP level 4. HP: 36/36 MP: 4/4
  1234 | D:2      | Found a faded altar of an unknown god.
  1624 | D:3      | Noticed Natasha
  1635 | D:2      | Killed Natasha
  1879 | D:2      | Noticed Natasha
  1884 | D:2      | Killed Natasha
  1885 | D:2      | Gained mutation: You regenerate magic rapidly. [demonic
                  | ancestry]
  1885 | D:2      | Reached XP level 5. HP: 34/42 MP: 5/5
  1913 | D:2      | Noticed Natasha
  1922 | D:2      | Killed Natasha
  2471 | D:3      | Found a basalt altar of Yredelemnul.
  2576 | D:3      | Found a stormy altar of Qazlal.
  2698 | D:3      | Reached XP level 6. HP: 41/48 MP: 6/6
  2863 | D:3      | Became a worshipper of Qazlal Stormbringer
  2892 | D:4      | Found an iron altar of Okawaru.
  3881 | D:5      | Entered Level 5 of the Dungeon
  4097 | D:5      | Gained mutation: You are dopey. (Int -2) [potion of
                  | mutation]
  4097 | D:5      | Gained mutation: You are robust. (+10% HP) [potion of
                  | mutation]
  4097 | D:5      | Gained mutation: You have an increased reservoir of magic.
                  | (+10% MP) [potion of mutation]
  4099 | D:5      | HP: 1/53 [poisoned by a scorpion]
  4106 | D:5      | HP: 1/53 [acid (4)]
  4107 | D:5      | Splashed by a jelly's acid

Illustrated notes

Levels and vault maps discovered:
D:1:      dpeg_arrival_radiant, layout_basic
D:2:      layout_basic, basic_ecumenical_altar, serial_shops, shop, uniq_jessica
D:3:      layout_rooms, mainiacjoe_overflow_surrounded_room,
          nicolae_yredelemnul_corpse_copse, kennysheep_cross_room,
          hangedman_abyss_or_decor_lesser_grid, minmay_misc_feat_four_crosses,
          uniq_natasha
D:4:      layout_basic, mainiacjoe_overflow_cross_hatched,
          minmay_misc_feat_nine_boxes
D:5:      minmay_razor_zed, layout_basic, minmay_temple_entry_waves, st_stairs_7

Skill      XL: |  1  2  3  4  5  6 |
---------------+-------------------+-----
Polearms       | 2 3 |  3.7
Shields        | 3 4 |  4.2
Armour         | 3 4 |  4.2
Fighting       | 4 |  4.6

Action                     |  1- 3 |  4- 6 || total
---------------------------+-------+-------++-------
  Melee: Trident           |   142 |   259 ||   401
    Use: Potion            |       |     4 ||     4
   Stab: Invisible         |       |     1 ||     1
 Armour: Scale mail        |    63 |       ||    63
         Leather armour    |       |    38 ||    38
         Plate armour      |       |    61 ||    61
  Dodge: Dodged            |    50 |    80 ||   130
  Block: Buckler           |    26 |    42 ||    68
